 Dungeon Crawl Stone Soup version 0.28-a0-793-g31680bbd8b (webtiles) character file.

Game seed: 17486789004055529527

7870 ytrimaz the Cleaver (level 11, -2/85 HPs)
             Began as a Demonspawn Fighter on Nov 4, 2021.
             Was a Follower of Makhleb.
             Killed by divine providence
             ... invoked by a meliai
              (13 damage)
             ... on level 10 of the Dungeon.
             The game lasted 00:16:38 (13987 turns).

ytrimaz the Cleaver (Demonspawn Fighter)           Turns: 13987, Time: 00:16:38

Health: -2/85      AC: 16    Str: 19      XL:     11   Next: 2%
Magic:  13/13      EV: 15    Int: 12 (15) God:    Makhleb [*.....]
Gold:   422        SH:  5    Dex: 20      Spells: 10/10 levels left

rFire   . . .      SeeInvis .   a - +0 war axe
rCold   . . .      Faith    .   (no shield)
rNeg    . . .      Spirit   .   z - +0 plate armour
rPois   +          Reflect  +   p - +0 helmet
rElec   .          Harm     .   C - +1 cloak
rCorr   .          Rampage  .   (gloves unavailable)
Will    +....                   (no boots)
Stlth   ..........              f - amulet "Xugrom" {Reflect Int+4 SH+5}
HPRegen 0.24/turn               e - ring of poison resistance
MPRegen 0.13/turn               s - ring "Lomnini" {Will+ EV+4 Dex+8}

@: lethally poisoned (-2 -> -7)
A: repulsion field 2, demonic guardian 1, demonic touch 3
a: Renounce Religion


You were on level 10 of the Dungeon.
You worshipped Makhleb.
Makhleb was aware of your devotion.
You visited 2 branches of the dungeon, and saw 11 of its levels.

You collected 638 gold pieces.
You spent 216 gold pieces at shops.

Inventory:

Hand Weapons
 a - a +0 war axe (weapon)
Armour
 c - a +0 buckler
 p - a +0 helmet (worn)
 y - a +0 chain mail
 z - a +0 plate armour (worn)
 C - a +1 cloak (worn)
Jewellery
 e - a ring of poison resistance (left hand)
 f - the amulet "Xugrom" (around neck) {Reflect Int+4 SH+5}
   (You acquired it on level 8 of the Dungeon)

   [amulet of reflection]

   It reflects blocked missile attacks.
   Int:       It affects your intelligence (+4).
   SH:        It affects your SH (+5).
 k - an amulet of faith
 l - a ring of fire
 s - the ring "Lomnini" (right hand) {Will+ EV+4 Dex+8}
   (You took it off a kobold on level 6 of the Dungeon)

   [ring of evasion]

   EV:        It affects your evasion (+4).
   Dex:       It affects your dexterity (+8).
   Will:      It increases your willpower.
 E - a +6 ring of intelligence
 F - a +4 ring of evasion
Wands
 d - a wand of flame (2)
 o - a wand of digging (3)
 x - a wand of polymorph (13) (quivered)
 A - a wand of charming (10)
 B - a wand of iceblast (17)
Scrolls
 g - 2 scrolls of blinking
 h - 2 scrolls of teleportation
 i - a scroll of fog
 j - 2 scrolls of magic mapping
 n - a scroll of fear
 q - a scroll of enchant weapon
 r - a scroll of amnesia
 t - a scroll of torment
Potions
 b - a potion of flight {unknown}
 m - 2 potions of magic
 u - a potion of resistance
 v - a potion of curing
 w - a potion of brilliance
 D - a potion of attraction {unknown}


   Skills:
 * Level 7.6 Fighting
 * Level 11.1 Axes
 + Level 6.5 Armour
 * Level 5.3 Dodging
 - Level 4.0 Shields
 * Level 3.8 Invocations
 - Level 1.3 Evocations


You had 10 spell levels left.
You didn't know any spells.
Your spell library contained the following spells:

 Spells                   Type           Power      Damage    Failure   Level
 Magic Dart               Conj           0%         1d3       100%        1
 Sandblast                Erth           0%         2d4       100%        1
 Blink                    Tloc           0%         N/A       100%        2
 Ensorcelled Hibernation  Hex/Ice        0%         N/A       100%        2
 Passwall                 Tmut/Erth      0%         N/A       100%        2
 Searing Ray              Conj           0%         2d4       100%        2
 Dazzling Flash           Conj/Hex       0%         N/A       100%        3
 Gell's Gravitas          Tloc           0%         N/A       100%        3
 Inner Flame              Hex/Fire       0%         N/A       100%        3
 Stone Arrow              Conj/Erth      0%         3d7       100%        3
 Teleport Other           Tloc           0%         N/A       100%        3
 Tukima's Dance           Hex            0%         N/A       100%        3
 Airstrike                Air            0%         N/A       100%        4
 Cause Fear               Hex            0%         N/A       100%        4
 Fulminant Prism          Conj/Hex       0%         3d6       100%        4
 Iskenderun's Mystic Bla  Conj/Tloc      0%         2d3       100%        4
 Summon Lightning Spire   Summ/Air       0%         N/A       100%        4
 Alistair's Intoxication  Tmut/Pois      0%         N/A       100%        5
 Borgnjor's Vile Clutch   Necr/Erth      0%         N/A       100%        5
 Lightning Bolt           Conj/Air       0%         1d11      100%        5
 Manifold Assault         Tloc           0%         N/A       100%        5
 Dispersal                Tloc           0%         N/A       100%        6
 Eringya's Noxious Bog    Tmut/Pois      0%         N/A       100%        6
 Starburst                Conj/Fire      0%         6d3       100%        6
 Storm Form               Tmut/Air       0%         N/A       100%        7
 Discord                  Hex            0%         N/A       100%        8


Dungeon Overview and Level Annotations

Branches:
Dungeon (10/15)            Temple (1/1) D:6
   Lair: D:8-11         Orc: D:9-12

Altars:
Cheibriados
Dithmenos
Elyvilon
Fedhas
Gozag
Hepliaklqana
Kikubaaqudgha
Makhleb
Okawaru
Qazlal
Ru
Sif Muna
Trog
Uskayaw
Vehumet
Wu Jian
Xom
Yredelemnul
Zin
The Shining One

Shops:
D:3 (:   D:8 (*


Innate Abilities, Weirdness & Mutations

You are surrounded by a moderate repulsion field. (EV +3)
A weak demonic guardian rushes to your aid.
Your touch may irresistibly damage your foes and sap their willpower.


Message History

The meliai buzzes angrily.
There is an open door here.
There's a creature in the doorway!
You closely miss the meliai. The meliai hits you with a +0 hand axe!
The meliai stings you.
You are poisoned.
The meliai poisons you! The meliai barely misses you. The meliai stings you.
You hit the meliai.
The meliai is lightly wounded.
You feel very sick. You block the meliai's attack. The meliai misses you.
The meliai calls upon its god to heal the meliai.
The meliai's wounds heal themselves!
The meliai barely misses you. The meliai closely misses you.
You slash the meliai!
The meliai is severely wounded.
You feel very sick. You block the meliai's attack. The meliai stings you!
The meliai hits you with a +0 hand axe! The meliai misses you.
The meliai invokes the aid of its god against you.
Something smites you!
You hit the meliai.
The meliai is almost dead.
You feel sick. The meliai hits you with a +0 hand axe.
The meliai barely misses you. The meliai hits you with a +0 hand axe.
* * * LOW HITPOINT WARNING * * *
You block the meliai's attack.
Unknown command.
You hit the meliai.
The meliai is almost dead.
You feel sick. The meliai hits you but does no damage. The meliai stings you.
* * * LOW HITPOINT WARNING * * *
The meliai hits you but does no damage. The meliai stings you.
* * * LOW HITPOINT WARNING * * *
A demonic guardian appears!
Unknown command.
You feel sick.
The meliai mumbles some strange prayers to its god against you.
Something smites you!
You die...

#####+#
##.5...#
#.@#####
#y## #
#y# .#
#.y.....#
######.##
#.......#
#.......#
#.......#
#.......#
#.......+
#.......#
#.......#
........#
#.......#


You could see 3 meliai and a friendly shadow imp (summoned).

Vanquished Creatures
  A death yak (D:10)
  A two-headed ogre (D:9)
  A tengu warrior (D:8)
  A glowing orange brain (D:9)
  Pikel (D:8)
  Maurice (D:8)
  Maggie (D:7)
  A troll (D:9)
  Prince Ribbit (D:9)
  A hornet (D:10)
  Sigmund (D:3)
  A wyvern (D:8)
  Grum (D:9)
  Menkaure (D:6)
  Edmund (D:5)
  2 orc warriors (D:9)
  2 sky beasts
  2 ogres
  A black bear (D:4)
  A necrophage (D:8)
  2 wolves (D:9)
  4 centaurs
  2 kobold brigands
  7 bullfrogs
  4 scorpions
  3 killer bees (D:9)
  7 wights
  2 jellies
  3 orc priests
  3 bullfrog zombies
  4 hounds
  An iguana (D:4)
  2 bullfrog skeletons
  3 orc wizards
  2 killer bee zombies
  2 hound skeletons (D:4)
  3 gnolls (D:6)
  A howler monkey zombie (D:6)
  8 adders
  2 white imps
  2 ufetubi
  A worm (D:4)
  3 dart slugs
  29 orcs
  8 endoplasms
  5 giant cockroaches
  9 goblins
  5 hobgoblins
  3 jackals (D:3)
  13 kobolds
  2 quokkas
  6 ball pythons
  7 bats
  4 frilled lizards
  5 rats
190 creatures vanquished.

Vanquished Creatures (others)
  A plant (D:2)
1 creature vanquished.

Grand Total: 191 creatures vanquished

Notes
Turn   | Place    | Note
-------+----------+-------------------------------------------
     0 | D:1      | ytrimaz the Demonspawn Fighter began the quest for the Orb.
     0 | D:1      | Reached XP level 1. HP: 18/18 MP: 1/1
   479 | D:1      | Gained mutation: You are surrounded by a mild repulsion
                  | field. (EV +2) [demonic ancestry]
   479 | D:1      | Reached XP level 2. HP: 24/24 MP: 2/2
   561 | D:1      | Reached skill level 2 in Axes
  1080 | D:2      | Gained mutation: Your touch may inflict minor irresistible
                  | damage on your foes. [demonic ancestry]
  1080 | D:2      | Reached XP level 3. HP: 16/29 MP: 3/3
  1359 | D:2      | Reached skill level 1 in Dodging
  1359 | D:2      | Gained mutation: Your touch may inflict irresistible damage
                  | on your foes. [demonic ancestry]
  1359 | D:2      | Reached XP level 4. HP: 8/35 MP: 4/4
  1794 | D:2      | Reached skill level 3 in Axes
  2025 | D:2      | Found a faded altar of an unknown god.
  2199 | D:3      | Found Naenla's Weapon Emporium.
  2461 | D:3      | Reached XP level 5. HP: 34/41 MP: 5/5
  2612 | D:3      | Noticed Sigmund
  2634 | D:3      | Killed Sigmund
  2635 | D:3      | Reached skill level 4 in Axes
  2635 | D:3      | Reached XP level 6. HP: 23/48 MP: 6/6
  2892 | D:3      | Found Uwaq's Book Shop.
  3239 | D:4      | Found a shimmering blue altar of Sif Muna.
  4057 | D:4      | Reached XP level 7. HP: 11/54 MP: 7/7
  4064 | D:4      | Reached skill level 5 in Axes
  4733 | D:5      | Entered Level 5 of the Dungeon
  5708 | D:5      | Noticed Edmund
  6213 | D:5      | Killed Edmund
  6214 | D:5      | Reached skill level 6 in Axes
  6214 | D:5      | Reached XP level 8. HP: 61/61 MP: 8/8
  6322 | D:6      | Found a radiant altar of Vehumet.
  6438 | D:6      | Noticed Menkaure
  6446 | D:6      | Killed Menkaure
  7054 | D:6      | Reached skill level 5 in Fighting
  7293 | D:6      | Reached skill level 7 in Axes
  7551 | D:6      | HP: 3/62 [kobold (3)]
  7958 | D:6      | Found a staircase to the Ecumenical Temple.
  8069 | D:6      | Identified the ring "Lomnini" {Will+ EV+4 Dex+8}
  8295 | Temple   | Entered the Ecumenical Temple
  8720 | D:7      | Noticed Maggie
  8735 | D:7      | Killed Maggie
  8736 | D:7      | Reached skill level 5 in Armour
  8736 | D:7      | Gained mutation: You are surrounded by a moderate repulsion
                  | field. (EV +3) [demonic ancestry]
  8736 | D:7      | Reached XP level 9. HP: 60/68 MP: 9/9
  8909 | D:7      | Reached skill level 8 in Axes
  8909 | D:7      | Reached skill level 1 in Evocations
  9588 | D:8      | Found Zin's Purification Station.
  9779 | D:8      | Found a shadowy altar of Dithmenos.
  9790 | D:8      | Found Woruixzillu's Antique Weapon Shop.
  9803 | D:8      | Noticed Pikel
  9835 | D:8      | Killed Pikel
  9836 | D:8      | Reached skill level 9 in Axes
  9863 | D:8      | Bought a pitted mace for 216 gold pieces
  9863 | D:8      | Identified the +3 mace of Sunlight {flame, *Slow rElec
                  | rPois Int-5} (You bought it in a shop on level 8 of the
                  | Dungeon)
  9978 | D:8      | Noticed Maurice
  9986 | D:8      | Killed Maurice
 10182 | D:8      | Gained mutation: A weak demonic guardian rushes to your
                  | aid. [demonic ancestry]
 10182 | D:8      | Reached XP level 10. HP: 77/77 MP: 10/10
 10329 | Temple   | Became a worshipper of Makhleb the Destroyer
 10588 | D:9      | Noticed a two-headed ogre
 10602 | D:9      | Killed a two-headed ogre
 10603 | D:9      | Reached skill level 10 in Axes
 10603 | D:9      | Reached skill level 1 in Invocations
 11260 | D:9      | Noticed Prince Ribbit
 11307 | D:9      | Killed Prince Ribbit
 11585 | D:9      | Noticed a tengu warrior
 11589 | D:9      | Noticed a tengu warrior
 11605 | D:8      | Killed a tengu warrior
 12774 | D:8      | Identified a scroll of acquirement
 12776 | D:8      | Acquired the amulet "Xugrom" {Reflect Int+4 SH+5}
 12835 | D:9      | Reached skill level 5 in Dodging
 12877 | D:9      | Found an iron altar of Okawaru.
 12968 | D:9      | Noticed a glowing orange brain
 12968 | D:9      | a tengu warrior changed into a glowing orange brain
 12977 | D:9      | Killed a glowing orange brain
 13208 | D:9      | Noticed Grum
 13221 | D:9      | Killed Grum
 13229 | D:9      | Reached * piety under Makhleb
 13547 | D:10     | Entered Level 10 of the Dungeon
 13587 | D:10     | Reached skill level 11 in Axes
 13714 | D:10     | Noticed a death yak
 13714 | D:10     | Noticed a death yak
 13725 | D:10     | Noticed a death yak
 13737 | D:10     | Killed a death yak
 13738 | D:10     | Gained mutation: Your touch may irresistibly damage your
                  | foes and sap their willpower. [demonic ancestry]
 13738 | D:10     | Reached XP level 11. HP: 50/85 MP: 13/13
 13987 | D:10     | Killed from afar by a meliai

Illustrated notes

Levels and vault maps discovered:
D:1:      matt_arrival_grand_opening, layout_basic
D:2:      layout_basic, shapermc_ecumenical_altar_mp_urbaneastern,
          minmay_pentomino_u2
D:3:      layout_rooms, serial_shops, shop, shop, chequers_big_river,
          uniq_sigmund
D:4:      layout_basic, overflow_temple_1_default, mainiacjoe_overflow_brackets
D:5:      layout_gridville, uniq_edmund
D:6:      layout_loops_corners, nicolae_vehumet_radiance,
          minmay_temple_entry_trees, uniq_menkaure
D:7:      layout_gridville, uniq_maggie
D:8:      layout_basic, nicolae_dithmenos_the_darkroom, zin_purify,
          serial_shops, nicolae_square_shop, uniq_pikel, uniq_maurice
D:9:      layout_basic, lemuel_doored_altar, uniq_prince_ribbit1, uniq_grum
D:10:     layout_roguey, mainiacjoe_overflow_two_lobes, dpeg_lair_monsters,
          gammafunk_ghost_stat_death
Temple:   minmay_temple_curvy_branch

Skill      XL: |  1  2  3  4  5  6  7  8  9 10 |
---------------+-------------------------------+-----
Axes           | 2 3 4 6 7 9 11 | 11.1
Armour         | 3 4 5 6 |  6.5
Shields        | 3 4 |  4.0
Dodging        | 1 2 3 4 5 |  5.3
Fighting       | 4 5 6 7 |  7.6
Evocations     | 1 |  1.3
Invocations    | 3 |  3.8

Action                   |  1- 3 |  4- 6 |  7- 9 | 10-12 || total
-------------------------+-------+-------+-------+-------++-------
Melee: War axe           |    92 |   172 |   300 |   219 ||   783
       Touch             |     2 |    23 |    50 |    51 ||   126
Evoke: Wand              |       |       |    17 |     5 ||    22
  Use: Potion            |     1 |     1 |     5 |     3 ||    10
       Scroll            |       |     7 |     7 |     5 ||    19
 Stab: Paralysed         |       |       |     6 |       ||     6
Armor: Scale mail        |    55 |    74 |   143 |       ||   272
       Plate armour      |       |       |     1 |   110 ||   111
Dodge: Dodged            |    67 |   110 |   275 |   204 ||   656
Block: Buckler           |    21 |     2 |       |       ||    23
       Other             |       |       |       |    23 ||    23

Table legend: (Time is in decaauts)
 A = Elapsed time spent in this place.
 B = Non-inter-level travel time spent in this place.
 C = Inter-level travel time spent in this place.
 D = Time resting spent in this place.
 E = Time spent auto-exploring this place.
 F = Levels seen in this place.
 G = Mean time per level.
                   A        B        C        D        E       F      G
               +--------+--------+--------+--------+--------+-----+--------+
         Total |  14111 |  13609 |    502 |   2776 |   8737 |  11 | 1282.8 |
       Dungeon |  13765 |  13322 |    443 |   2776 |   8490 |  10 | 1376.5 |
        Temple |    346 |    287 |     59 |      0 |    247 |   1 |  346.0 |
               +--------+--------+--------+--------+--------+-----+--------+

Top non-repeatable levels by time:
     D:6: 2152 daAuts
     D:8: 1996 daAuts
     D:9: 1853 daAuts
     D:4: 1524 daAuts
     D:5: 1520 daAuts
     D:2: 1180 daAuts
     D:3: 1074 daAuts
     D:1: 1058 daAuts
     D:7: 965 daAuts
    D:10: 438 daAuts
  Temple: 346 daAuts
